 Dungeon Crawl Stone Soup version 0.27-a0-531-gb72ec1a1b6 (webtiles) character file.

Game seed: 1359194782475208425

372 sahdkjhfkaj the Magician (level 6, -2/28 HPs)
             Began as a Spriggan Conjurer on Mar 5, 2021.
             Slain by Duvessa
             ... wielding a +0 short sword
              (7 damage)
             ... on level 4 of the Dungeon.
             The game lasted 00:06:28 (4300 turns).

sahdkjhfkaj the Magician (Spriggan Conjurer)        Turns: 4300, Time: 00:06:29

Health: -2/28      AC:  2    Str:  3    XL:     6   Next: 43%
Magic:  10/16      EV: 19    Int: 21    God:
Gold:   224        SH:  0    Dex: 14    Spells: 14/17 levels left

rFire    . . .     SeeInvis +   (weapon restricted)
rCold    . . .     Faith    .   (shield restricted)
rNeg     . . .     Spirit   .   a - +0 robe
rPois    +         Reflect  .   (helmet restricted)
rElec    .         Harm     .   (no cloak)
rCorr    +         Rampage  .   (gloves unavailable)
Will     +....                  (boots unavailable)
Stlth    ++........             (no amulet)
HPRegen  0.09/turn              l - ring of poison resistance
MPRegen  0.15/turn              u - ring of resist corrosion

@: very quick
A: very small, unfitting armour, see invisible, speed 3
a: no special abilities


You were on level 4 of the Dungeon.
You visited 1 branch of the dungeon, and saw 4 of its levels.

You collected 224 gold pieces.

Inventory:

Missiles
 q - 3 curare-tipped darts
Armour
 a - a +0 robe (worn)
Jewellery
 j - a +4 ring of slaying
 l - a ring of poison resistance (left hand)
 u - a ring of resist corrosion (right hand)
Wands
 p - a wand of charming (6)
 r - a wand of acid (6)
Scrolls
 b - 2 scrolls of immolation {unknown}
 c - 4 scrolls of identify {unknown}
 d - a scroll of noise {unknown}
 e - a scroll of amnesia {unknown}
 f - a scroll of random uselessness {unknown}
 g - 2 scrolls of magic mapping {unknown}
 m - a scroll of fear {unknown}
 o - a scroll of teleportation {unknown}
 s - a scroll of blinking {unknown}
Potions
 h - a potion of haste {unknown}
 i - a potion of magic {unknown}
 k - a potion of lignification {unknown}
 n - a potion of might {unknown}
 t - a potion of curing {unknown}
 v - a potion of ambrosia {unknown}


   Skills:
 + Level 5.2 Dodging
 - Level 3.0 Stealth
 - Level 6.0 Spellcasting
 - Level 4.0 Conjurations


You had 14 spell levels left.
You knew the following spells:

 Your Spells              Type           Power      Damage    Failure   Level
a - Searing Ray           Conj           46%        3d4       2%          2
z - Magic Dart            Conj           92%        1d7       1%          1

Your spell library contained the following spells:

 Spells                   Type           Power      Damage    Failure   Level
 Dazzling Flash           Conj/Hex       28%        N/A       13%         3
 Fulminant Prism          Conj/Hex       7%         3d7       38%         4
 Iskenderun's Mystic Bla  Conj/Tloc      14%        2d5       38%         4


Dungeon Overview and Level Annotations

Branches:
Dungeon (4/15)
 Temple: D:4-7

Altars:
Yredelemnul

Shops:
D:4 =

Annotations:
D:1 exclusion: 2 jackals
D:4 Dowan, Duvessa


Innate Abilities, Weirdness & Mutations

You are very small and have problems with some larger weapons.
You are too small for most types of armour.
You have supernaturally acute eyesight. (SInv)
You cover ground extremely quickly. (Speed+++)


Message History

Dowan is lightly wounded. (Press . to maintain the ray.) Unknown command.
The searing ray hits Duvessa!
Duvessa is moderately wounded.
The searing ray hits Dowan.
Dowan is moderately wounded.
The searing ray hits the adder!
The adder is severely wounded.
Dowan gestures at Duvessa while chanting.
Duvessa seems to speed up.
Duvessa hits you with a +0 short sword!
The searing ray hits Duvessa.
Duvessa is moderately wounded.
The searing ray hits Dowan!
Dowan is heavily wounded.
Duvessa hits you with a +0 short sword!
Unknown command.
Duvessa says, "I don't care about looks, I care about technique!"
Duvessa says, "I don't care about looks, I care about technique!"
Dowan gestures wildly while chanting.
Dowan blinks!
Your magical contamination has completely faded away.
Casting: Searing Ray (safe; 2% risk of failure)
Confirm with . or Enter, or press ? or * to list all spells.
Aiming: Searing Ray (safe; 2% risk of failure)
Press: ? - help, Shift-Dir - straight line, f/p - Duvessa
Aim: Duvessa, wielding a +0 short sword and wearing a +0 ring mail (moderately wounded, fast, 16% to evade)
The searing ray hits Duvessa.
Duvessa is heavily wounded. (Press . to maintain the ray.) Duvessa hits you with a +0 short sword!
* * * LOW HITPOINT WARNING * * *
Unknown command.
There is a stone staircase leading up here.
You see here an adder skeleton.
You see here a +0 helmet.
There is a stone staircase leading up here.
Duvessa says, "When magic and the sword combine, nothing stands against them."
Duvessa hits you with a +0 short sword!
You die...

##########.........#..#..#._#
##...............###..#..#..##
#....)........>..###...#...##
#...#####.........##########
...## ##<........# ...###
##.....#S#..###
.....###......#∩#....### ###
#.............#'#......#######.##
###....(......÷e@...........∩....
##.)....÷......................
##.............................
##.........>..................#.
##...###...>.........)........###
#...## #..........###...####...##
...## ##...#....### #...# ##).##
...# ##..####...# ##..# #).##
..####..## #...# #.## ##.##


You could see Duvessa (fast) and an adder.

Vanquished Creatures
  An ogre (D:4)
  Jessica (D:2)
  A centaur skeleton (D:4)
  2 iguanas (D:4)
  10 adders
  An ooze (D:4)
  7 worms
  4 leopard geckos
  2 orcs (D:4)
  2 ball pythons
  5 bats (D:2)
  A giant cockroach (D:3)
  9 goblins
  8 hobgoblins
  4 jackals (D:3)
  4 kobolds
  A quokka (D:3)
  6 frilled lizards
  A quokka skeleton (D:4)
  5 rats
75 creatures vanquished.

Vanquished Creatures (others)
  A plant (D:3)
1 creature vanquished.

Grand Total: 76 creatures vanquished

Notes
Turn   | Place    | Note
-------+----------+-------------------------------------------
     0 | D:1      | sahdkjhfkaj the Spriggan Conjurer began the quest for the
                  | Orb.
     0 | D:1      | Reached XP level 1. HP: 9/9 MP: 5/5
   128 | D:1      | Reached skill level 3 in Spellcasting
   484 | D:1      | Reached XP level 2. HP: 13/13 MP: 1/7
   821 | D:1      | Learned a level 2 spell: Searing Ray
  1036 | D:1      | Reached skill level 4 in Spellcasting
  1246 | D:2      | Reached XP level 3. HP: 16/16 MP: 2/9
  1525 | D:2      | Noticed Jessica
  1526 | D:2      | Reached XP level 4. HP: 21/21 MP: 2/11
  1812 | D:2      | Killed Jessica
  1813 | D:2      | Reached skill level 5 in Spellcasting
  2410 | D:3      | Reached skill level 5 in Dodging
  2668 | D:3      | Reached XP level 5. HP: 24/24 MP: 4/13
  3728 | D:4      | Noticed an ogre
  3732 | D:4      | Found Gygg's Jewellery Boutique.
  3753 | D:4      | Killed an ogre
  3754 | D:4      | Reached XP level 6. HP: 28/28 MP: 7/15
  3958 | D:4      | Reached skill level 6 in Spellcasting
  4257 | D:4      | Found a basalt altar of Yredelemnul.
  4278 | D:4      | Noticed Duvessa
  4279 | D:4      | Noticed Dowan
  4300 | D:4      | Slain by Duvessa

Illustrated notes

Levels and vault maps discovered:
D:1:      dpeg_arrival_renting, layout_basic
D:2:      layout_basic, serial_curves, eino_curves_04, eino_curves_03,
          uniq_jessica
D:3:      layout_basic, chequers_serial_rivers_large_a, guppyfry_early_lair_pool
D:4:      layout_layer_cave, marbit_many_paths, serial_shops, kennysheep_mini,
          glass_columns_b, abandoned_shop, uniq_duvessa

Skill      XL: |  1  2  3  4  5  6 |
---------------+-------------------+-----
Conjurations   | 3 4 |  4.0
Spellcasting   | 3 4 5 6 |  6.0
Dodging        | 3 4 5 |  5.2
Stealth        | |  3.0

Action                   |  1- 3 |  4- 6 || total
-------------------------+-------+-------++-------
Melee: Unarmed           |     9 |       ||     9
 Cast: Magic Dart        |    66 |   119 ||   185
       Searing Ray       |       |    15 ||    15
Armor: Robe              |     1 |     2 ||     3
Dodge: Dodged            |    14 |    11 ||    25

Table legend: (Time is in decaauts)
 A = Elapsed time spent in this place.
 B = Non-inter-level travel time spent in this place.
 C = Inter-level travel time spent in this place.
 D = Time resting spent in this place.
 E = Time spent auto-exploring this place.
 F = Levels seen in this place.
 G = Mean time per level.
                   A        B        C        D        E       F      G
               +--------+--------+--------+--------+--------+-----+--------+
         Total |   3415 |   3348 |     67 |      0 |   2910 |   4 |  853.8 |
       Dungeon |   3415 |   3348 |     67 |      0 |   2910 |   4 |  853.8 |
               +--------+--------+--------+--------+--------+-----+--------+

Top non-repeatable levels by time:
     D:2: 1106 daAuts
     D:3: 789 daAuts
     D:1: 773 daAuts
     D:4: 746 daAuts
